 Dungeon Crawl Stone Soup version 0.14-a0-1876-g927fc3a (webtiles) character file.

145058 Piginabag the Eclecticist (level 17, -8/103 HPs)
             Began as an Octopode Conjurer on Jan 15, 2014.
             Was a High Priest of Sif Muna.
             Killed from afar by an ice dragon (37 damage)
             ... with a blast of cold
             ... on Level 5 of the Swamp on Jan 16, 2014.
             The game lasted 04:27:48 (73329 turns).

Piginabag the Eclecticist (Octopode Conjurer)      Turns: 73329, Time: 04:27:50

HP  -8/103       AC  3     Str 11      XL: 17   Next: 35%
MP  25/44        EV 17     Int 20      God: Sif Muna [*****.]
Gold 2459        SH  2     Dex 13      Spells: 11 memorised,  8 levels left

rFire  + . .     SeeInvis +     J - +10 quarterstaff of the Weasel {drain, MR++}
rCold  . . .     Clarity  .     (no shield)
rNeg   + . .     Conserve .     (helmet restricted)
rPois  .         rCorr    .     L - amulet of the gourmand
rElec  .         rRot     .     j - ring of positive energy
SustAb . .       Spirit   .     Z - cursed ring of see invisible
rMut   .         Warding  .     Y - ring of protection from magic
Gourm  +         Stasis   .     H - ring of magical power
MR     +++..                    k - ring of wizardry
                                Q - +5 ring of evasion
                                F - ring of wizardry
                                y - ring of protection from fire

@: about to teleport, mildly poisoned, extremely resistant to hostile
enchantments, very stealthy
A: almost no armour, amphibious, 8 rings, constrict 8, large bone plates 1,
camouflage 1, carnivore 1, low mp 1, gelatinous body 1
a: Channel Energy, Forget Spell, Renounce Religion


You were on level 5 of the Swamp.
You worshipped Sif Muna.
Sif Muna was extremely pleased with you.
You were not hungry.

You visited 4 branches of the dungeon, and saw 33 of its levels.
You also visited: Ice Cave.

You collected 2459 gold pieces.

Inventory:

Hand weapons
 B - a cursed +2 blowgun
 J - the cursed +10,+10 quarterstaff of the Weasel (weapon) {drain, MR++}
   (You found it on level 4 of the Lair of Beasts)

   A truly terrible weapon, it drains the life of those it strikes.
   It affects your resistance to hostile enchantments.
   It has a curse placed upon it.
Missiles
 t - 8 curare-tipped needles
Magical devices
 f - a wand of disintegration (4)
 s - a wand of digging (7)
 u - a wand of disintegration (22)
 w - a wand of teleportation (2)
 T - a wand of digging (13)
 X - a wand of heal wounds (2)
Comestibles
 m - 15 strawberries
 A - a bread ration
 E - 4 pears
 I - a rambutan
 S - 5 chokos
Scrolls
 b - a scroll of enchant weapon II
 o - 11 scrolls of identify
 p - 5 scrolls of magic mapping
 q - 15 scrolls of remove curse
 r - 2 scrolls of vulnerability
 v - 4 scrolls of enchant weapon I
 K - 3 scrolls of amnesia
 U - a scroll of teleportation
 V - 2 scrolls of fog
Jewellery
 e - an uncursed amulet of clarity {unknown}
 j - a ring of positive energy (left tentacle)
 k - a ring of wizardry (on tentacle)
 y - a ring of protection from fire (on tentacle)
 F - a ring of wizardry (on tentacle)
 H - a ring of magical power (on tentacle)
 L - an amulet of the gourmand (around mantle)
 Q - a +5 ring of evasion (on tentacle)
 Y - a ring of protection from magic (on tentacle)
 Z - a cursed ring of see invisible (right tentacle)
Potions
 a - a potion of curing
 c - a potion of resistance
 d - a potion of heal wounds
 l - 3 potions of agility
 n - a potion of brilliance
 M - 2 potions of restore abilities
Books
 z - a Necronomicon {highlevel}

   This book is beyond your current level of understanding.

   Spells                             Type                      Level
   Haunt                              Necromancy/Summoning         7
   Borgnjor's Revivification          Necromancy                   8
   Death's Door                       Charms/Necromancy            8
   Necromutation                      Transmutation/Necromancy     8
 N - Sif Muna's Reference Book on Arcane Weapons
   (Sif Muna gifted it to you on level 8 of the Lair of Beasts)

   Spells                             Type                      Level
   *Magic Dart                        Conjuration                  1
   Sticky Flame                       Conjuration/Fire             4
   *Throw Icicle                      Conjuration/Ice              4
   Venom Bolt                         Conjuration/Poison           5
   *Iron Shot                         Conjuration/Earth            6
 O - a book of Control

   Spells                             Type                      Level
   *Control Teleport                  Charms/Translocation         4
   Control Undead                     Necromancy                   4
   Enslavement                        Hexes                        4
   Mass Confusion                     Hexes                        6
   Metabolic Englaciation             Hexes/Ice                    6
 P - a book of Debilitation

   Spells                             Type                      Level
   Corona                             Hexes                        1
   Slow                               Hexes                        2
   Inner Flame                        Hexes/Fire                   3
   Enslavement                        Hexes                        4
   Cause Fear                         Hexes                        4
   Leda's Liquefaction                Hexes/Earth                  4
 R - Sif Muna's Grimoire of Battle Magic and the Arsonist
   (Sif Muna gifted it to you on level 4 of the Orcish Mines)

   Spells                             Type                      Level
   Flame Tongue                       Conjuration/Fire             1
   Throw Flame                        Conjuration/Fire             2
   Dazzling Spray                     Conjuration/Hexes            3
   Poison Arrow                       Conjuration/Poison           6
   *Orb of Destruction                Conjuration                  7
Miscellaneous
 g - a box of beasts


   Skills:
 - Level 5.5 Fighting
 + Level 1.2 Throwing
 - Level 2.0 Dodging
 - Level 2.6 Stealth
 + Level 17.5 Spellcasting
 + Level 17.0 Conjurations
 + Level 11.2 Charms
   Level 8.0 Necromancy
 + Level 1.8 Translocations
 + Level 6.4 Invocations
 - Level 1.0 Evocations


You had 8 spell levels left.
You knew the following spells:

 Your Spells              Type           Power        Failure   Level  Hunger
a - Magic Dart            Conj           ####         0%          1    None
b - Orb of Destruction    Conj           ######....   1%          7    ######.
c - Iskenderun's Mystic   Conj           ######..     1%          4    None
d - Iskenderun's Battles  Conj/Chrm      ######..     1%          4    None
e - Control Teleport      Chrm/Tloc      #####.....   1%          4    None
f - Throw Icicle          Conj/Ice       ######..     1%          4    None
g - Haste                 Chrm           ######..     1%          6    ####...
h - Iron Shot             Conj/Erth      ######....   4%          6    ####...
i - Flight                Chrm/Air       #####.....   1%          3    None
j - Blink                 Tloc           N/A          1%          2    None
k - Repel Missiles        Chrm/Air       #####.....   1%          2    None


Dungeon Overview and Level Annotations

Branches:
Dungeon (16/16)            Temple (0/1) D:6             Orc (4/4) D:12
    Elf (0/3) Orc:3          Lair (8/8) D:8           Swamp (5/5) Lair:3
 Spider (0/5) Lair:5        Slime (0/6) Lair:8       Vaults (0/5) D:15
 Depths (0/6) D:16

Altars:
Ashenzari
Cheibriados
Elyvilon
Makhleb
Okawaru
Sif Muna
Trog
Yredelemnul
the Shining One
Jiyva

Shops:
D:10 }(   Orc:4 *[(:

Annotations:
D:4 exclusion: ogre
Orc:2 Nergalle
Orc:3 exclusion: downstairs
Swamp:3 Donald
Swamp:5 HollowCharge's ghost, powerful HOFi; Wiglaf


Innate Abilities, Weirdness & Mutations

You cannot wear most types of armour.
You are amphibious.
You can wear up to eight rings at the same time.
You can use your tentacles to constrict many enemies at once.
Your skin changes colour to match your surroundings (Stlth).
Your rubbery body absorbs attacks (AC +1).
You are partially covered in large bone plates (AC +2, SH +2).
Your digestive system is specialised to digest meat.
Your magical capacity is low (-10% MP).


Message History

You are poisoned.
Read which item? (? for menu, Esc to quit)
As you read the scroll of teleportation, it crumbles to dust.
You feel strangely unstable.
The swamp dragon breathes poison at you.
The blast of poison hits you!
You are more poisoned.
* * * LOW HITPOINT WARNING * * *
Drink which item? (? for menu, Esc to quit)
You feel better.
You are engulfed in poison gas.
You are poisoned.
* * * LOW HITPOINT WARNING * * *
An ice dragon comes into view.
Casting: Blink
Confirm with . or Enter, or press ? or * to list all spells.
You blink.
Floosh!
The ice dragon breathes frost at you. The blast of cold hits you!
You die...

♣♣≈≈≈≈♣♣♣ ♣♣≈.≈≈≈♣♣..♣♣$≈
♣≈<.≈≈.≈♣ ♣♣w...≈≈♣≈≈≈≈..#
♣♣≈.≈≈≈≈♣ ♣$..≈≈≈≈≈≈≈≈≈≈♣#
♣≈.≈≈≈q♣♣ ♣♣..%.≈≈..§≈≈≈#
≈≈≈♣.≈§§§♣♣♣♣.≈≈≈≈§♣♣.§≈.♣#
.≈.{.≈w§§§...≈≈≈≈D♣♣♣♣♣..♣#
♣.≈≈≈.≈♣♣§*D≈§≈≈§§≈≈≈≈≈.♣≈≈#
♣..≈≈≈
♣♣≈≈l≈≈§§≈≈§..≈≈≈♣♣≈♣#
♣w.≈≈≈♣
♣♣♣♣.@≈≈≈≈♣≈≈.≈♣♣(≈≈♣# ≈≈≈
♣..≈≈≈≈≈≈≈..♣♣.♣≈≈♣
♣♣§≈≈≈≈≈≈≈≈≈≈≈§.≈.≈≈
♣♣♣<.≈≈f≈≈≈≈≈≈≈...≈.♣.
♣♣§≈≈≈≈≈≈≈.≈≈≈≈...≈≈≈♣♣
♣≈.≈≈≈≈≈≈≈♣.≈≈.≈≈≈≈≈≈♣♣
♣♣.≈≈≈≈≈≈≈♣.≈≈≈≈≈≈≈≈≈≈≈
♣.≈≈≈≈≈...≈.§≈≈≈≈≈≈≈≈≈≈
♣.§≈≈.♣♣♣...[≈≈≈≈≈≈≈≈≈≈


You could see Wiglaf, an ice dragon, a swamp dragon, 2 swamp worms and a swamp
drake.

Vanquished Creatures
  Saint Roka (Orc:3)
  A sphinx (D:13)
  Frances (Swamp:5)
  Louise (Swamp:1)
  An orc warlord (Orc:2)
  A yaktaur captain (D:13)
  Fannar (D:10)
  2 ogre magi (D:15)
  13 hydras
  Erica (D:13)
  The ghost of wuxia the Martial Artist, an experienced DrTm of Cheibriados (D:9)
  7 alligators
  6 centaur warriors
  8 iron golems (D:13)
  A skeletal warrior (D:15)
  2 deep elf knights
  A swamp dragon (Swamp:2)
  A giant amoeba (D:8)
  The ghost of mopl the Thaumaturge, an experienced OpEn of Vehumet (D:8)
  An unseen horror (D:16)
  Joseph (D:8)
  2 wizards (D:16)
  7 orc knights
  12 hill giants
  A griffon (Lair:6)
  4 orc sorcerers
  A necromancer (D:14)
  A red wasp (Swamp:3)
  4 cyclopes
  4 black mambas
  2 deep elf conjurers (D:16)
  18 spiny frogs
  2 spiny worms (Lair:8)
  A queen ant (Lair:3)
  2 yaktaurs (D:13)
  Grinder (D:6)
  13 komodo dragons
  A fire drake (Lair:4)
  A jumping spider (Lair:5)
  7 trolls
  A spriggan (D:8)
  10 giant leeches
  Sonja (Orc:2)
  Prince Ribbit (D:9)
  A raven (Swamp:1)
  5 bog bodies
  5 two-headed ogres
  16 slime creatures
  4 baby alligators (Swamp:3)
  A griffon zombie (D:16)
  A formicid (shapeshifter) (D:16)
  26 blink frogs
  2 wyverns
  A wraith (D:14)
  5 basilisks
  3 shadows
  2 boulder beetles
  A deep elf mage (D:15)
  36 yaks
  A hill giant zombie (D:14)
  A vampire (D:16)
  3 elephant slugs
  Eustachio (D:5)
  15 ugly things
  37 vampire mosquitoes
  Grum (D:8)
  32 swamp worms
  9 hippogriffs
  A deep elf fighter (D:15)
  A hill giant skeleton (D:12)
  3 hungry ghosts
  2 necrophages
  11 wolves
  4 mottled dragons
  10 porcupines
  3 manticores
  Edmund (D:9)
  3 soldier ants
  7 giant goldfish
  15 ice beasts
  8 swamp drakes
  35 orc warriors
  A black bear (shapeshifter) (D:16)
  27 ogres
  2 black bears (D:11)
  A kobold demonologist (D:15)
  19 centaurs
  A boring beetle (shapeshifter) (D:14)
  15 crocodiles
  2 boring beetles
  4 phantoms
  5 sky beasts
  Duvessa (D:9)
  5 giant slugs
  4 lava worms (D:13)
  26 giant frogs
  4 wargs
  2 gnoll sergeants (D:9)
  A spiny worm simulacrum (D:16)
  15 water moccasins
  9 agate snails
  A yaktaur skeleton (D:16)
  A cyclops skeleton (D:13)
  A wyvern skeleton (D:11)
  A wyvern zombie (D:11)
  2 manticore skeletons
  22 insubstantial wisps
  A lava fish (D:13)
  An eye of draining (D:13)
  20 killer bees
  5 big kobolds
  15 wights
  7 goliath beetles
  9 electric eels
  12 crimson imps
  9 jellyfish
  Dowan (D:9)
  A yellow wasp zombie (D:11)
  22 jellies
  33 orc priests
  A gnoll shaman (D:9)
  4 lava snakes (D:13)
  21 hounds
  Crazy Yiuf (D:6)
  A cyclops simulacrum (D:16)
  4 human zombies (D:15)
  38 worker ants
  6 big fish
  42 orc wizards
  2 quasits
  7 iguanas
  3 basilisk skeletons
  A grizzly bear simulacrum (D:14)
  A human skeleton (D:15)
  4 scorpions
  A killer bee zombie (D:14)
  14 sheep
  A mottled dragon skeleton (D:15)
  3 mummies
  A hound skeleton (D:7)
  A lemure (Swamp:5)
  65 green rats
  3 hound simulacra (D:14)
  21 adders
  8 giant centipedes
  13 gnolls
  A shadow imp (Swamp:5)
  4 giant mites
  7 worms
  3 adder zombies
  4 sheep simulacra (D:14)
  3 giant eyeballs
  8 giant geckos
  10 oozes
  218 orcs
  5 ball pythons
  33 bats
  A bat skeleton (D:4)
  24 hobgoblins
  25 jackals
  10 quokkas
  5 giant cockroaches
  4 giant newts (D:1)
  A giant spore (D:11)
  20 goblins
  9 kobolds
  A kobold zombie (D:6)
  An orc zombie (D:15)
  A quokka zombie (D:6)
  37 rats
  3 rat simulacra (D:14)
  3 rat zombies (D:8)
  2 ballistomycetes (D:11)
1481 creatures vanquished.

Vanquished Creatures (collateral kills)
  A stone giant (Orc:4)
  A hydra (Swamp:3)
  An alligator (Swamp:5)
  An orc sorcerer (Orc:4)
  A cyclops (D:16)
  3 elephants (Lair:8)
  A black mamba (Lair:8)
  4 spiny frogs (Lair:8)
  A feature mimic (D:14)
  4 giant leeches (Lair:8)
  2 hydra skeletons (D:15)
  2 komodo dragons (Lair:8)
  2 blink frogs (Lair:8)
  6 slime creatures
  A deep elf mage (D:15)
  An ice dragon skeleton (D:15)
  3 sharks (Lair:8)
  3 yaks (Lair:8)
  2 manticores (D:14)
  9 ugly things
  9 vampire mosquitoes
  A porcupine (Lair:7)
  A swamp drake (Swamp:1)
  A giant goldfish (Lair:8)
  A boring beetle (Lair:8)
  8 swamp worms
  A blink frog skeleton (D:15)
  6 orc warriors
  2 centaurs (D:15)
  A big kobold (D:15)
  2 crocodiles (Lair:8)
  A giant slug zombie (D:15)
  2 giant slugs (Lair:8)
  An insubstantial wisp (Swamp:2)
  A water moccasin (Swamp:4)
  5 giant frogs
  4 killer bees
  2 jellyfish (Lair:8)
  An electric eel (Swamp:4)
  2 wights (D:9)
  4 big fish
  An orc priest (Orc:2)
  2 orc wizards (D:16)
  2 sheep
  A mottled dragon skeleton (D:16)
  An adder (Lair:8)
  12 orcs
  A goblin (Orc:4)
  An orc skeleton (Orc:4)
  2 fungi
128 creatures vanquished.

Vanquished Creatures (others)
  7 large abominations
  A necromancer (D:16)
  3 small abominations
  An ogre (D:15)
  An orc wizard (Orc:4)
  A bat zombie (D:8)
  7 crawling corpses
  18 fungi
  6 macabre masses
  11 plants
56 creatures vanquished.

Grand Total: 1665 creatures vanquished

Notes
Turn   | Place    | Note
--------------------------------------------------------------
     0 | D:1      | Piginabag, the Octopode Conjurer, began the quest for the Orb.
     0 | D:1      | Reached XP level 1. HP: 11/11 MP: 3/3
   656 | D:1      | Reached XP level 2. HP: 17/17 MP: 4/4
  1378 | D:1      | Reached XP level 3. HP: 21/21 MP: 3/6
  2221 | D:2      | Learned a level 2 spell: Searing Ray
  2257 | D:2      | Reached skill level 5 in Conjurations
  2975 | D:2      | Reached XP level 4. HP: 27/27 MP: 4/8
  2987 | D:2      | Found a shattered altar of Ashenzari.
  4200 | D:4      | Noticed an ogre
  4249 | D:4      | Reached XP level 5. HP: 28/31 MP: 1/9
  4400 | D:4      | Reached skill level 6 in Conjurations
  4604 | D:4      | Noticed an ogre
  4650 | D:5      | Entered Level 5 of the Dungeon
  4665 | D:5      | Learned a level 4 spell: Iskenderun's Mystic Blast
  5009 | D:5      | Noticed an ogre
  5110 | D:5      | Noticed an ogre
  5132 | D:5      | Killed an ogre
  5132 | D:5      | Reached XP level 6. HP: 35/37 MP: 1/13
  5148 | D:5      | Learned a level 4 spell: Iskenderun's Battlesphere
  5423 | D:5      | Noticed Eustachio
  5524 | D:4      | Found a deep blue altar of Sif Muna.
  5548 | D:4      | Found a deep blue altar of Sif Muna.
  5557 | D:4      | Became a worshipper of Sif Muna the Loreminder
  5630 | D:4      | Reached skill level 7 in Conjurations
  5639 | D:4      | Identified Sif Muna's Almanac of Evil
  6044 | D:4      | Reached XP level 7. HP: 42/42 MP: 9/15
  6638 | D:4      | Found a basalt altar of Yredelemnul.
  6892 | D:5      | Killed Eustachio
  6892 | D:5      | Reached skill level 1 in Fighting
  7328 | D:5      | Killed an ogre
  7328 | D:5      | Acquired Sif Muna's first power
  7328 | D:5      | Reached skill level 1 in Charms
  7594 | D:6      | Noticed Crazy Yiuf
  7608 | D:6      | Killed Crazy Yiuf
  7608 | D:6      | Reached skill level 5 in Spellcasting
  7608 | D:6      | Reached XP level 8. HP: 48/48 MP: 11/20
  7799 | D:6      | Noticed Grinder
  7809 | D:6      | Paralysed by Grinder for 2 turns
  7813 | D:6      | Paralysed by Grinder for 2 turns
  7818 | D:6      | Paralysed by Grinder for 6 turns
  7828 | D:5      | Reached skill level 8 in Conjurations
  7970 | D:6      | Found a bloodstained altar of Trog.
  7998 | D:6      | Found a staircase to the Ecumenical Temple.
  8344 | D:6      | Killed Grinder
  8344 | D:6      | Acquired Sif Muna's second power
  8734 | D:7      | Found a snail-covered altar of Cheibriados.
  8942 | D:7      | Reached XP level 9. HP: 54/54 MP: 15/23
  9337 | D:8      | Noticed mopl's ghost (experienced OpEn)
  9337 | D:8      | Reached skill level 9 in Conjurations
  9342 | D:8      | Killed mopl's ghost
  9425 | D:8      | Found a staircase to the Lair.
  9949 | D:8      | Found an iron altar of Okawaru.
 10405 | D:8      | Noticed Grum
 10405 | D:8      | Acquired Sif Muna's third power
 10409 | D:8      | Killed Grum
 10409 | D:8      | Reached skill level 10 in Conjurations
 10412 | D:8      | Reached skill level 1 in Invocations
 10413 | D:8      | Reached XP level 10. HP: 26/60 MP: 3/27
 10715 | D:8      | Noticed Joseph
 10770 | D:9      | Noticed Duvessa
 10955 | D:8      | Killed Joseph
 11196 | D:8      | Found a burning altar of Makhleb.
 11197 | D:8      | Found a white marble altar of Elyvilon.
 11378 | D:8      | Noticed a giant amoeba
 11434 | D:8      | Killed a giant amoeba
 11863 | D:8      | Noticed a spriggan baker
 11865 | D:8      | Killed a spriggan baker
 12097 | D:9      | Killed Duvessa
 12098 | D:9      | Noticed Dowan
 12100 | D:9      | Killed Dowan
 12152 | D:9      | Reached skill level 11 in Conjurations
 12197 | D:9      | Noticed Prince Ribbit
 12201 | D:9      | Killed Prince Ribbit
 12201 | D:9      | Reached skill level 5 in Charms
 12206 | D:9      | Noticed wuxia's ghost (experienced DrTm)
 12290 | D:8      | Paralysed by a giant eyeball for 3 turns
 12294 | D:8      | Paralysed by a giant eyeball for 3 turns
 12559 | D:9      | Killed wuxia's ghost
 12559 | D:9      | Received a gift from Sif Muna
 12559 | D:9      | Reached skill level 10 in Spellcasting
 12559 | D:9      | Reached XP level 11. HP: 65/65 MP: 5/29
 12564 | D:9      | Learned a level 2 spell: Swiftness
 12795 | D:9      | Learned a level 5 spell: Bolt of Draining
 12992 | D:9      | Found a glowing golden altar of the Shining One.
 13463 | D:9      | Noticed Edmund
 13468 | D:9      | Killed Edmund
 13896 | D:9      | Reached skill level 1 in Necromancy
 14497 | D:10     | Entered Level 10 of the Dungeon
 14502 | D:10     | Noticed a hill giant
 14506 | D:10     | Killed a hill giant
 14625 | D:10     | Noticed a hill giant
 14629 | D:10     | Killed a hill giant
 14884 | D:10     | Reached skill level 12 in Conjurations
 14987 | D:10     | Found Ettemp's Weapon Emporium.
 15059 | D:10     | Found Sheyle's Gadget Shoppe.
 15258 | D:10     | Noticed Fannar
 15262 | D:10     | Killed Fannar
 15502 | D:10     | Noticed a hill giant
 15506 | D:10     | Killed a hill giant
 15506 | D:10     | Received a gift from Sif Muna
 15507 | D:10     | Identified Ikhlotte's Almanac of Unholy Talismans (Sif Muna gifted it to you on level 10 of the Dungeon)
 15515 | D:10     | Learned a level 6 spell: Haste
 15969 | D:11     | Noticed a hill giant
 15969 | D:11     | Reached XP level 12. HP: 72/72 MP: 18/31
 15997 | D:11     | Killed a hill giant
 16505 | D:11     | Reached skill level 1 in Evocations
 16895 | D:11     | Learned a level 5 spell: Dispel Undead
 17016 | D:11     | Noticed a hill giant
 17225 | D:11     | Killed a hill giant
 18698 | D:12     | Received a gift from Sif Muna
 18705 | D:12     | Reached skill level 5 in Necromancy
 19873 | D:12     | Found a staircase to the Orcish Mines.
 19882 | Orc:1    | Entered Level 1 of the Orcish Mines
 20352 | Orc:1    | Reached skill level 13 in Conjurations
 20604 | Orc:1    | Found a bloodstained altar of Trog.
 20814 | Orc:2    | Noticed Sonja
 20816 | Orc:2    | Killed Sonja
 22565 | Orc:3    | Found a frozen archway.
 22590 | Orc:3    | Reached XP level 13. HP: 77/77 MP: 19/33
 22684 | Orc:3    | Found a staircase to the Elven Halls.
 22846 | IceCv    | Entered an ice cave
 23130 | Orc:4    | Entered Level 4 of the Orcish Mines
 23130 | Orc:4    | Found Ghuadeuh's Antique Weapon Emporium.
 23130 | Orc:4    | Noticed an orc warlord
 23396 | Orc:4    | Found Klilegam's Book Shoppe.
 23699 | Lair:1   | Entered Level 1 of the Lair of Beasts
 24074 | Lair:1   | Received a gift from Sif Muna
 24080 | Lair:1   | Identified Sif Muna's Catalogue of Harmful Augmentations (Sif Muna gifted it to you on level 1 of the Lair of Beasts)
 28422 | Lair:3   | Found a staircase to the Swamp.
 29853 | Lair:3   | Reached skill level 14 in Conjurations
 31372 | Lair:4   | Reached skill level 5 in Fighting
 31902 | Lair:3   | Received a gift from Sif Muna
 31903 | Lair:3   | Identified Sif Muna's Catalogue of Gliding Battle Magic (Sif Muna gifted it to you on level 3 of the Lair of Beasts)
 32813 | Lair:4   | Got a blackened quarterstaff
 32814 | Lair:4   | Identified the +10,+10 quarterstaff of the Weasel {drain, MR++} (You found it on level 4 of the Lair of Beasts)
 32857 | Lair:3   | Reached XP level 14. HP: 86/88 MP: 17/35
 33907 | D:13     | Noticed Erica
 33917 | D:13     | Killed Erica
 34623 | D:13     | Gained mutation: Your digestive system is specialised to digest meat. [potion of mutation]
 34623 | D:13     | Gained mutation: You are partially covered in large bone plates (AC +2, SH +2). [potion of mutation]
 34623 | D:13     | Gained mutation: Your magical capacity is low (-10% MP). [potion of mutation]
 39493 | D:13     | Learned a level 3 spell: Flight
 40109 | D:14     | Learned a level 2 spell: Blink
 40112 | D:14     | Learned a level 2 spell: Repel Missiles
 40415 | D:14     | Received a gift from Sif Muna
 40417 | D:14     | Identified Sif Muna's Guide on Doomed Conjuration (Sif Muna gifted it to you on level 14 of the Dungeon)
 40424 | D:14     | Learned a level 5 spell: Twisted Resurrection
 40638 | D:14     | Reached skill level 15 in Conjurations
 41069 | D:13     | Noticed a sphinx
 41079 | D:13     | Killed a sphinx
 43316 | Lair:5   | Found a hole to the Spider Nest.
 45987 | Lair:7   | Reached XP level 15. HP: 92/92 MP: 17/32
 46876 | Lair:8   | Entered Level 8 of the Lair of Beasts
 47372 | Lair:8   | Received a gift from Sif Muna
 47377 | Lair:8   | Identified Sif Muna's Reference Book on Arcane Weapons (Sif Muna gifted it to you on level 8 of the Lair of Beasts)
 47605 | Lair:8   | Reached skill level 15 in Spellcasting
 47749 | Lair:8   | Reached skill level 5 in Invocations
 49814 | Lair:8   | Found a viscous altar of Jiyva.
 49814 | Lair:8   | Found a staircase to the Slime Pits.
 51510 | Orc:2    | Killed an orc warlord
 52366 | Orc:4    | Noticed Saint Roka
 52395 | Orc:2    | Noticed Nergalle
 54571 | Orc:3    | Killed Saint Roka
 54571 | Orc:3    | Reached skill level 1 in Throwing
 54571 | Orc:3    | Reached skill level 10 in Charms
 55177 | Orc:4    | Noticed a stone giant
 55193 | Orc:4    | Killed a stone giant
 55489 | Orc:4    | Found a bloodstained altar of Trog.
 55559 | Orc:4    | Received a gift from Sif Muna
 55560 | Orc:4    | Identified Sif Muna's Grimoire of Battle Magic and the Arsonist (Sif Muna gifted it to you on level 4 of the Orcish Mines)
 56638 | Orc:4    | Found Serum's Antique Armour Shop.
 56793 | Orc:4    | Found Phishasm's General Store.
 57056 | D:14     | Reached skill level 16 in Conjurations
 57545 | D:14     | Found Gharegie's Assorted Antiques.
 57566 | D:14     | Gharegie's Assorted Antiques was a mimic.
 58367 | D:15     | Entered Level 15 of the Dungeon
 58904 | D:15     | Reached XP level 16. HP: 92/99 MP: 8/34
 59992 | D:15     | Found a gate to the Vaults.
 61235 | D:15     | Found a basalt altar of Yredelemnul.
 62088 | D:16     | Entered Level 16 of the Dungeon
 62922 | D:16     | Received a gift from Sif Muna
 62923 | D:16     | Identified Sif Muna's Guide on Good Luck (Sif Muna gifted it to you on level 16 of the Dungeon)
 64381 | D:16     | Learned a level 7 spell: Orb of Destruction
 64740 | D:16     | Found a staircase to the Depths.
 65472 | Swamp:1  | Entered Level 1 of the Swamp
 66057 | Swamp:1  | Noticed Louise
 66066 | Swamp:1  | Killed Louise
 69031 | Swamp:3  | Reached skill level 17 in Spellcasting
 69107 | Swamp:3  | Received a gift from Sif Muna
 69127 | Swamp:3  | Identified Sif Muna's Collected Works on Conjuration and Bewitchment (Sif Muna gifted it to you on level 3 of the Swamp)
 69573 | Swamp:3  | Noticed Donald
 69727 | Swamp:4  | Reached XP level 17. HP: 103/103 MP: 29/35
 70813 | Swamp:4  | Learned a level 4 spell: Control Teleport
 70825 | Swamp:5  | Entered Level 5 of the Swamp
 70831 | Swamp:5  | Reached skill level 1 in Translocations
 71961 | Swamp:5  | Noticed Frances
 71970 | Swamp:5  | Killed Frances
 71983 | Swamp:5  | Noticed HollowCharge's ghost (powerful HOFi)
 72915 | Swamp:5  | Noticed Wiglaf
 73188 | Swamp:4  | Learned a level 1 spell: Magic Dart
 73196 | Swamp:4  | Learned a level 4 spell: Throw Icicle
 73203 | Swamp:4  | Learned a level 6 spell: Iron Shot
 73329 | Swamp:5  | Killed from afar by an ice dragon

Action                   |  1- 3 |  4- 6 |  7- 9 | 10-12 | 13-15 | 16-18 || total
-------------------------+-------+-------+-------+-------+-------+-------++-------
Melee: Unarmed           |    60 |    56 |    17 |    13 |       |       ||   146
       Quarterstaff      |       |       |    16 |       |   142 |   159 ||   317
       Staff             |       |       |       |     7 |     2 |       ||     9
 Fire: Blowgun           |       |       |       |       |     7 |       ||     7
 Cast: Magic Dart        |    59 |    45 |   111 |   439 |  1210 |   294 ||  2158
       Searing Ray       |       |     7 |    15 |     6 |       |       ||    28
       Iskenderun's Myst |       |     4 |    14 |   187 |   458 |   204 ||   867
       Iskenderun's Batt |       |     3 |    35 |   131 |   351 |   119 ||   639
       Bolt of Draining  |       |       |       |    16 |    28 |    65 ||   109
       Swiftness         |       |       |       |     2 |     1 |       ||     3
       Dispel Undead     |       |       |       |     3 |     2 |     6 ||    11
       Haste             |       |       |       |       |    40 |    19 ||    59
       Twisted Resurrect |       |       |       |       |    45 |    45 ||    90
       Blink             |       |       |       |       |    14 |    18 ||    32
       Flight            |       |       |       |       |     4 |       ||     4
       Repel Missiles    |       |       |       |       |     3 |     9 ||    12
       Orb of Destructio |       |       |       |       |       |    30 ||    30
       Throw Icicle      |       |       |       |       |       |     3 ||     3
       Control Teleport  |       |       |       |       |       |     1 ||     1
Invok: Channel Energy    |       |       |     3 |    18 |   121 |    49 ||   191
       Forget Spell      |       |       |       |       |       |     6 ||     6
Evoke: Wand              |       |       |       |     7 |    11 |     3 ||    21
  Use: Scroll            |     1 |       |     4 |    18 |    16 |    11 ||    50
       Potion            |       |       |       |    10 |    22 |     8 ||    40
 Stab: Sleeping          |     3 |     9 |     3 |       |     3 |     8 ||    26
       Distracted        |       |       |       |       |       |     2 ||     2
